 Dungeon Crawl Stone Soup version 0.30-a0-1114-gd936c97349 (webtiles) character file.

Game seed: 9741782369568638106

37 lunkers the Poker (level 3, -4/26 HPs)
             Began as a Meteoran Wanderer on Apr 20, 2023.
             Slain by a gnoll
             ... wielding a +0 flail
              (6 damage)
             ... on level 2 of the Dungeon.
             The game lasted 00:02:35 (642 turns).

lunkers the Poker (Meteoran Wanderer)                Turns: 642, Time: 00:02:36

Health: -4/26      AC:  6    Str: 18    XL:     3   Next: 88%
Magic:  6/6        EV: 10    Int: 14    God:
Gold:   46         SH:  3    Dex: 10    Spells: 3/4 levels left

rFire   . . .      SeeInvis +    a - +2 spear
rCold   . . .      Faith    .    b - +0 buckler
rNeg    . . .      Spirit   .    i - +0 ring mail
rPois   .          Reflect  .    (no helmet)
rElec   .          Rampage  .    g - +0 cloak
rCorr   .                        (no gloves)
Will    .....                    (no boots) Stlth
                                 (no amulet)
HPRegen 0.24/turn                k - ring of see invisible
MPRegen 0.10/turn                (no ring)

@: glowing
A: sense surroundings 1, otherworldly, glowing, explore regen
a: no special abilities


You were on level 2 of the Dungeon.
You visited 1 branch of the dungeon, and saw 2 of its levels.

You collected 46 gold pieces.

Inventory:

Hand Weapons
 a - a +2 spear (weapon)
 d - a +3 mace
Armour
 b - a +0 buckler (worn)
 g - a +0 cloak (worn)
 i - a +0 ring mail (worn)
 l - a +0 cloak
Jewellery
 k - a ring of see invisible (left hand)
Scrolls
 f - 2 scrolls of poison {unknown}
 h - a scroll of magic mapping {unknown}
 j - a scroll of fog {unknown}
 m - a scroll of teleportation {unknown}
Potions
 c - a potion of attraction
 e - a potion of haste {unknown}


   Skills:
 + Level 4.5 Polearms
 - Level 1.2 Throwing
 - Level 1.2 Dodging
 - Level 1.2 Shields
 - Level 1.3 Spellcasting
 - Level 3.2 Ice Magic
 - Level 1.2 Invocations


You had 3 spell levels left.
You knew the following spells:

 Your Spells              Type           Power      Damage    Failure   Level
p - Freeze                Ice            40%        1d6       16%         1

Your spell library contained the following spells:

 Spells                   Type           Power      Damage    Failure   Level
 Hailstorm                Conj/Ice       5%         3d4       67%         3


Dungeon Overview and Level Annotations

Branches:
Dungeon (2/15) Zot: 561

Altars:


Innate Abilities, Weirdness & Mutations

You passively map a small area around you.
You are easily found by Zot.
You glow in the dark.
You regain HP and MP as you explore.


Message History

No target in view!
No target in view!
A worm comes into view.
Found 8 gold pieces.
A worm is nearby!
A gnoll comes into view. It is wielding a +0 whip.
The gnoll shouts!
There are monsters nearby!
A gnoll comes into view. It is wielding a +0 flail.
You reach to attack!
The gnoll shouts!
You hit the worm but do no damage.
A gnoll comes into view. It is wielding a +0 spear.
You reach to attack!
You hit the worm.
The worm is lightly wounded.
You completely miss the worm. You hit the gnoll.
The gnoll is lightly wounded.
The worm bites you but does no damage. The gnoll hits you with a +0 whip.
You puncture the gnoll!
The gnoll is severely wounded.
The gnoll hits you with a +0 whip.
You puncture the gnoll!
You kill the gnoll!
The worm bites you.
You barely miss the worm. You closely miss the gnoll.
The gnoll hits you with a +0 flail. The worm bites you.
You hit the gnoll.
The gnoll is lightly wounded.
The gnoll barely misses you. The gnoll closely misses you.
You hit the gnoll.
The gnoll is heavily wounded.
The gnoll hits you with a +0 flail!
* * * LOW HITPOINT WARNING * * *
The gnoll hits you from afar with a +0 spear.
* * * LOW HITPOINT WARNING * * *
You block the worm's attack. The gnoll attacks as you move away!
The gnoll hits you with a +0 flail.
You die...

...# ,* * #.#
.....# , .##.##
#.# .#..##
......##.#
......
......##.#
......,
,.....#..# .....
, ...#.## .####
#.#.# **** * ..
#...###... ...,,
, , #.@........
, ,
###.g####.... ,
, #..wg.....##.
,
........).......
,
................
, ,
.##.............
, ##...##..###..
, ##.. ..$. ,..
##. .... *


You could see a worm and 2 gnolls.

Vanquished Creatures
  A gnoll (D:2)
  An adder (D:2)
  2 bats
  5 endoplasms (D:1)
  A giant cockroach (D:1)
  A goblin (D:1)
  2 quokkas
  A ball python (D:2)
  2 frilled lizards (D:1)
  A kobold (D:1)
  A rat (D:1)
18 creatures vanquished.

Notes
Turn   | Place    | Note
-------+----------+-------------------------------------------
     0 | D:1      | lunkers the Meteoran Wanderer began the quest for the Orb.
     0 | D:1      | lunkers set off with the following items: a +2 spear, a +0
                  | buckler, a potion of attraction, a +0 leather armour; and
                  | the following spell memorised: Freeze; and the following
                  | spells available to memorise: Hailstorm.
     0 | D:1      | Reached XP level 1. HP: 14/14 MP: 3/3
    84 | D:1      | Reached skill level 3 in Polearms
    84 | D:1      | Reached XP level 2. HP: 20/20 MP: 5/5
   501 | D:1      | Glimpsed the power of Zot.
   560 | D:2      | Reached XP level 3. HP: 25/26 MP: 6/6
   597 | D:2      | Reached skill level 4 in Polearms
   639 | D:2      | HP: 1/26 [gnoll/+0 spear (6)]
   642 | D:2      | Slain by a gnoll

Illustrated notes

Levels and vault maps discovered:
D:1:      saegor_arrival_simple_d, layout_loops_ring
D:2:      layout_rooms, basic_altar, kennysheep_generic_room_15, uniq_terence

Skill      XL: |  1  2  3 |
---------------+----------+-----
Polearms       | 3 4 |  4.5
Throwing       | |  1.2
Dodging        | |  1.2
Shields        | |  1.2
Spellcasting   | |  1.3
Ice Magic      | |  3.2
Invocations    | |  1.2

Action                     || total
---------------------------++-------
  Melee: Spear             ||    71
   Cast: Freeze            ||     2
 Armour: Leather armour    ||     9
         Ring mail         ||     9
  Dodge: Dodged            ||    20
  Block: Buckler           ||     8

Table legend: (Time is in decaauts)
 A = Elapsed time spent in this place.
 B = Non-inter-level travel time spent in this place.
 C = Inter-level travel time spent in this place.
 D = Time resting spent in this place.
 E = Time spent auto-exploring this place.
 F = Levels seen in this place.
 G = Mean time per level.
                   A        B        C        D        E       F      G
               +--------+--------+--------+--------+--------+-----+--------+
         Total |    638 |    598 |     40 |      0 |    407 |   2 |  319.0 |
       Dungeon |    638 |    598 |     40 |      0 |    407 |   2 |  319.0 |
               +--------+--------+--------+--------+--------+-----+--------+

Top non-repeatable levels by time:
     D:1: 518 daAuts
     D:2: 120 daAuts
